Map: Emerald City LE

Players

Gaffel

  • Race: Terran Terran
  • League: Platinum
  • Spawn Location: 11:00

Reissdorf

  • Race: Zerg Zerg
  • League: Gold
  • Spawn Location: 11:00

qqq - Winner!

  • Race: Protoss Protoss
  • Spawn Location: 5:00

Massa - Winner!

  • Race: Terran Terran
  • League: Gold
  • Spawn Location: 5:00

VOD

Have the link to the VOD?

Description

Time

  • Played on: June 25, 2020, 3:34 p.m.
  • Length: 11:05
Show
View Real Time Build Order
Export as new Build Order

Gaffel Terran 

Build Orders: 1/1/1, Mech 

Get SALT Encoding   

  12  0:00  SCV  
  13  0:13  SCV  
  14  0:17  Supply Depot  
  14  0:25  Refinery  
  14  0:29  SCV  
  15  0:41  Barracks  
  15  0:46  SCV  
  16  0:58  Refinery, SCV  
  17  1:10  SCV  
  18  1:22  SCV  
  18  1:25  Supply Depot  
  19  1:33  Factory  
  19  1:34  SCV  
  19  1:36  Marine  
  21  1:46  SCV  
  22  1:55  Marine  
  22  1:58  SCV  
  24  2:08  Supply Depot  
  24  2:12  SCV, Marine  
  26  2:22  Armory  
  26  2:29  Starport  
  26  2:33  SCV  
  27  2:45  Marine  
  27  2:46  Supply Depot  
  27  2:50  Factory Tech Lab  
  27  3:11  Thor  
  33  3:19  Medivac  
  35  3:27  Orbital Command  
  35  3:31  Marine  
  36  3:48  Engineering Bay  
  36  4:05  Thor  
  36  4:09  Marine  
  43  4:27  Marine  
  36  5:02  Medivac  
  38  5:10  Barracks Reactor  
  38  5:12  Thor  
  44  5:20  Command Center  
  44  5:27  Factory  
  44  5:35  Supply Depot  
  42  5:53  Starport Reactor  
  42  5:58  Marine x2  
  44  6:10  Siege Tank  
  47  6:16  Factory Tech Lab, Marine  
  48  6:19  SCV  
  48  6:20  Supply Depot  
  49  6:28  Supply Depot  
  49  6:31  SCV, Missile Turret  
  50  6:38  Medivac  
  52  6:42  Siege Tank  
  52  6:43  SCV  
  56  6:55  SCV  
  38  7:18  Siege Tank  
  38  7:21  Marine x2  
  43  7:29  Factory  
  37  7:38  Cyclone  
  37  7:39  Marine x2  
  42  7:50  SCV  
  44  7:53  Barracks  
  44  7:54  Barracks  
  44  7:56  Refinery  
  44  7:57  Barracks, Marine  
  44  7:58  Refinery  
  44  8:04  Siege Tank  
  47  8:07  SCV x2  
  49  8:24  Orbital Command  
  49  8:33  Widow Mine  
  51  8:36  Cyclone  
  54  8:44  Barracks Tech Lab x2  
  54  8:45  Barracks Tech Lab  
  54  8:54  Widow Mine, Factory Tech Lab  
  56  9:02  SCV x2  
  58  9:05  Terran Vehicle Weapons Level 1  
  58  9:14  SCV x2  
  60  9:23  Missile Turret  
  60  9:25  Cyclone  
  60  9:26  SCV x2  
  65  9:36  Concussive Shells  
  65  9:38  SCV  
  66  9:57  Cyclone  
  66  9:58  Marine x5  
  77  10:15  Marine  
  77  10:16  Marine x4  
  77  10:19  Medivac x2  
  77  10:21  SCV x2  
  85  10:33  SCV, Supply Depot  
  85  10:35  Supply Depot x2  
  86  10:46  Marine  
Show
View Real Time Build Order
Export as new Build Order

Reissdorf Zerg 

Build Orders: Pool First 

Get SALT Encoding   

  12  0:01  Drone  
  13  0:12  Overlord  
  13  0:18  Drone  
  14  0:31  Drone x2  
  14  0:34  Drone  
  17  1:01  Drone x2  
  17  1:04  Extractor, Spawning Pool  
  17  1:21  Drone x2  
  19  1:35  Hatchery  
  19  1:38  Drone  
  19  1:44  Drone  
  20  1:50  Overlord  
  20  1:51  Queen  
  22  2:04  Evolution Chamber  
  21  2:09  Zergling x2  
  21  2:12  Zergling x2  
  23  2:16  Metabolic Boost  
  23  2:22  Overlord  
  23  2:33  Overlord  
  23  2:40  Queen  
  25  2:45  Drone  
  26  2:53  Zerg Melee Weapons Level 1  
  26  2:54  Zergling x4  
  28  3:00  Drone  
  28  3:02  Drone  
  28  3:05  Drone x2  
  32  3:10  Drone x2  
  34  3:19  Drone x2  
  36  3:33  Drone  
  37  3:36  Hatchery  
  37  3:40  Lair  
  36  3:44  Extractor  
  36  3:45  Drone, Extractor  
  36  3:47  Drone  
  36  3:50  Drone  
  36  3:52  Drone  
  36  3:54  Drone  
  39  3:57  Drone  
  39  3:59  Drone  
  41  4:05  Drone x2  
  41  4:06  Drone  
  44  4:15  Extractor, Drone  
  44  4:17  Overlord  
  44  4:19  Overlord  
  44  4:38  Spire  
  43  4:39  Drone x4  
  43  4:40  Drone  
  43  4:41  Drone  
  49  4:51  Drone x3  
  52  4:57  Drone, Queen  
  55  5:06  Zerg Ground Armor Level 1  
  55  5:09  Drone x3  
  55  5:13  Drone, Spore Crawler  
  58  5:19  Drone x3  
  58  5:20  Drone  
  62  5:23  Drone x2  
  64  5:41  Drone x2  
  66  5:53  Overlord x4  
  66  5:54  Overlord x3  
  66  6:08  Extractor, Zerg Flyer Weapons Level 1  
  66  6:10  Extractor  
  64  6:17  Drone x10  
  74  6:30  Corruptor x4  
  74  6:31  Corruptor x2  
  86  6:34  Corruptor  
  86  6:38  Overseer  
  88  6:40  Pneumatized Carapace  
  88  6:41  Drone x2  
  90  6:49  Overlord x3  
  90  6:55  Drone x3  
  93  7:04  Hatchery  
  92  7:10  Corruptor x2  
  92  7:13  Mutalisk  
  92  7:14  Mutalisk  
  100  7:19  Zerg Melee Weapons Level 2  
  100  7:26  Drone x7  
  107  7:48  Drone x15, Extractor  
  121  7:51  Extractor  
  120  7:58  Mutalisk  
  120  7:59  Mutalisk x2  
  120  8:02  Zerg Flyer Armor Level 1  
  120  8:04  Overlord x2  
  126  8:23  Hatchery  
  119  8:31  Mutalisk x12  
  137  8:45  Mutalisk  
  137  8:46  Mutalisk x2  
  143  8:58  Infestation Pit  
  143  9:00  Mutalisk x2  
  145  9:13  Mutalisk  
  145  9:14  Mutalisk x2  
  151  9:36  Zergling x8  
  151  9:37  Zergling x28  
  171  9:45  Drone x2  
  171  9:50  Queen  
  173  9:53  Queen  
  173  9:58  Extractor  
  166  10:02  Extractor  
  145  10:21  Mutalisk x13  
  137  10:22  Mutalisk  
Show
View Real Time Build Order
Export as new Build Order

qqq Protoss - Winner!

Build Orders: 1 Gate Expand, Phoenix Opening 

Get SALT Encoding   

  12  0:03  Probe  
  13  0:26  Pylon  
  13  0:27  Probe  
  14  0:39  Probe  
  15  0:45  Gateway  
  15  0:51  Probe  
  15  0:54  Pylon  
  16  1:03  Probe  
  17  1:15  Probe  
  18  1:32  Nexus  
  18  1:39  Cybernetics Core  
  18  1:49  Assimilator  
  18  1:51  Pylon  
  18  1:54  Assimilator  
  18  2:16  Probe  
  19  2:28  Probe  
  20  2:40  Probe  
  21  2:45  Stargate  
  21  2:47  Forge  
  21  2:52  Probe  
  22  2:58  Probe  
  23  3:06  Probe  
  23  3:07  Probe  
  25  3:15  Probe  
  25  3:18  Stargate  
  26  3:25  Probe  
  27  3:33  Nexus  
  27  3:38  Probe  
  28  3:42  Pylon  
  28  3:44  Phoenix  
  30  3:50  Probe  
  31  4:02  Probe  
  32  4:08  Phoenix  
  32  4:09  Phoenix  
  36  4:14  Probe  
  37  4:17  Assimilator  
  37  4:21  Assimilator  
  37  4:26  Probe  
  38  4:32  Photon Cannon  
  34  4:38  Probe  
  34  4:42  Protoss Air Weapons Level 1  
  33  4:52  Probe  
  34  5:04  Probe  
  34  5:05  Probe  
  36  5:09  Probe  
  37  5:16  Probe  
  37  5:18  Probe  
  39  5:21  Probe  
  40  5:28  Probe  
  40  5:33  Probe, Phoenix  
  44  5:40  Probe  
  45  5:46  Probe  
  46  5:52  Probe, Phoenix  
  49  5:58  Probe, Phoenix  
  52  6:04  Probe  
  52  6:10  Probe  
  54  6:11  Fleet Beacon  
  54  6:13  Pylon  
  54  6:17  Probe  
  55  6:22  Probe  
  55  6:24  Probe  
  57  6:29  Probe, Phoenix  
  60  6:34  Probe, Phoenix  
  63  6:41  Probe  
  63  6:46  Probe  
  65  6:53  Probe  
  66  6:54  Phoenix  
  66  6:55  Anion Pulse-Crystals  
  66  6:58  Probe  
  66  6:59  Phoenix  
  71  7:17  Pylon  
  71  7:21  Pylon  
  71  7:22  Pylon  
  71  7:25  Photon Cannon  
  69  7:35  Probe  
  70  7:37  Pylon  
  70  7:40  Pylon  
  70  7:43  Pylon  
  70  7:44  Assimilator  
  70  7:45  Protoss Air Armor Level 1  
  70  7:47  Probe, Pylon  
  70  7:48  Assimilator  
  70  7:49  Phoenix  
  70  7:50  Pylon, Carrier, Stargate  
  79  7:53  Pylon  
  79  7:54  Probe  
  80  7:59  Probe  
  81  8:06  Probe  
  81  8:09  Probe  
  83  8:17  Probe  
  83  8:18  Probe  
  84  8:24  Nexus  
  84  8:26  Probe  
  86  8:34  Tempest  
  86  8:38  Probe  
  86  8:39  Phoenix  
  92  8:50  Probe  
  92  8:52  Pylon  
  92  8:54  Phoenix, Pylon  
  95  9:02  Photon Cannon  
  95  9:04  Photon Cannon, Phoenix  
  95  9:06  Shield Battery  
  105  9:17  Phoenix  
  105  9:19  Phoenix  
  105  9:20  Probe  
  110  9:29  Tempest  
  115  9:32  Probe  
  115  9:34  Photon Cannon  
  115  9:36  Photon Cannon  
  116  9:43  Carrier  
  116  9:44  Probe, Phoenix  
  98  10:21  Phoenix x2  
  100  10:30  Probe  
  101  10:42  Probe  
Show
View Real Time Build Order
Export as new Build Order

Massa Terran - Winner!

Build Orders:  

Get SALT Encoding   

  12  0:04  SCV  
  13  0:16  Supply Depot  
  13  0:19  SCV  
  14  0:31  SCV  
  15  0:43  SCV, Barracks  
  16  1:07  Supply Depot  
  16  1:16  Supply Depot  
  15  1:18  SCV  
  16  1:30  SCV  
  17  1:42  Marine, Supply Depot  
  17  1:43  SCV  
  19  1:55  SCV, Command Center  
  19  2:00  Marine  
  21  2:02  Refinery  
  21  2:07  SCV  
  22  2:13  Barracks  
  22  2:20  Marine  
  23  2:38  Marine  
  23  2:41  Orbital Command  
  24  2:56  Marine  
  25  3:09  Orbital Command  
  25  3:10  SCV  
  26  3:16  Barracks  
  26  3:22  SCV, Barracks Tech Lab  
  26  3:23  Barracks Reactor  
  27  3:29  Refinery  
  27  3:34  SCV  
  27  3:35  Refinery  
  27  3:37  SCV  
  29  3:45  Engineering Bay  
  29  3:46  SCV, Marauder  
  32  3:50  SCV  
  33  3:58  SCV  
  33  4:02  SCV  
  35  4:05  Factory  
  35  4:07  Barracks Tech Lab, Marauder  
  37  4:10  SCV, Marine x2  
  37  4:15  SCV  
  41  4:22  SCV  
  42  4:28  SCV, Marine x2  
  42  4:30  Stimpack  
  45  4:37  Supply Depot  
  45  4:39  Supply Depot x2  
  45  4:50  Marauder  
  44  4:57  Marauder, Marine x2  
  44  5:07  Concussive Shells  
  44  5:11  Marauder  
  46  5:14  Marine  
  46  5:15  Marine  
  46  5:17  Factory Tech Lab  
  46  5:18  Marauder  
  50  5:23  SCV x2  
  52  5:30  Missile Turret  
  52  5:32  Marine  
  52  5:33  Marauder, Marine  
  52  5:35  SCV x2  
  58  5:39  Marauder  
  58  5:40  Terran Infantry Weapons Level 1  
  60  5:47  SCV  
  61  5:50  Marine  
  61  5:52  Marine  
  61  5:54  Marauder  
  65  6:00  Refinery, Siege Tank  
  65  6:01  Marauder  
  70  6:13  Supply Depot  
  70  6:14  Supply Depot x2  
  70  6:15  Supply Depot  
  70  6:17  Combat Shield  
  70  6:34  Marine x2  
  70  6:35  Marauder x2  
  76  6:44  Command Center  
  76  6:51  Armory  
  76  6:52  Marine x2  
  78  6:56  Marauder x2  
  78  6:59  Engineering Bay  
  72  7:18  Siege Tank  
  75  7:24  Starport  
  75  7:34  Terran Infantry Armor Level 1  
  75  7:40  Terran Infantry Weapons Level 2  
  75  7:50  Siege Tank  
  78  7:52  SCV  
  78  7:53  SCV  
  80  8:05  SCV x2  
  82  8:10  Medivac  
  84  8:13  Marauder x2  
  84  8:14  Marine x2  
  84  8:17  SCV x2  
  92  8:22  Thor  
  98  8:29  SCV x2  
  98  8:32  Marine x2  
  98  8:34  Marine x2  
  102  8:36  Planetary Fortress  
  102  8:41  SCV x2  
  106  8:48  Missile Turret  
  106  8:50  Missile Turret  
  106  8:53  SCV x2, Marauder x2, Marine  
  113  8:58  Terran Vehicle Weapons Level 1  
  113  9:05  SCV  
  113  9:07  Marine  
  115  9:10  Missile Turret  
  115  9:11  Marine  
  115  9:12  Missile Turret  
  116  9:18  Supply Depot  
  116  9:19  Supply Depot  
  116  9:25  Marine, Supply Depot  
  116  9:28  Supply Depot  
  117  9:39  SCV x2, Medivac  
  117  9:40  Marauder x2, Marine  
  117  9:41  SCV, Siege Tank  
  117  9:42  Command Center  
  130  9:51  SCV x2  
  130  9:52  Marine  
  133  9:53  SCV  
  133  9:58  Marine  
  135  10:01  Marauder x2  
  135  10:03  SCV x2  
  135  10:05  SCV  
  142  10:10  Marine  
  143  10:16  Marine  
  144  10:22  Marauder x2  
  144  10:27  Marine  
  144  10:44  Marauder  
Tags
 
Add a new tag
Caveats
  • Supply blocks, unpowered buildings, or Contaminate may cause inaccurate times.
  • Supply counts are checked every 10 seconds.